 Dungeon Sprint DCSS version 0.26.1-11-gd32895ea62 (webtiles) character file.

Game seed: 5137446739329161920

241 Zeld the Changer (level 6, -2/42 HPs)
             Began as an Octopode Transmuter on June 6, 2021.
             Was a Believer of Sif Muna.
             Slain by an air elemental (3 damage)
             ... in the Dungeon (Sprint V: "Ziggurat Sprint").
             The game lasted 00:02:03 (779 turns).

Zeld the Changer (Octopode Transmuter)               Turns: 779, Time: 00:02:04

Health: -2/42      AC:  1    Str: 23    XL:     6   Next: 8%
Magic:  10/15      EV: 15    Int: 28    God:    Sif Muna [**....]
Gold:   0          SH:  0    Dex: 12    Spells: 3/18 levels left

rFire    . . .     SeeInvis .     - Unarmed
rCold    . . .     Faith    .   (shield currently unavailable)
rNeg     . . .     Spirit   .   (helmet restricted)
rPois    .         Reflect  .   (no amulet)
rElec    .         Harm     .   u - +6 ring of intelligence
rCorr    +         Rampage  .   v - +6 ring of intelligence
Will     .....     NoTele   +   x - +6 ring of strength
Stlth    ++........             w - +6 ring of strength
HPRegen  0.14/turn              z - ring of resist corrosion
MPRegen  0.14/turn              (no ring)
                                (no ring)
                                (no ring)

@: blade tentacles
A: almost no armour, stealthy swim, amphibious, 8 rings, constrict 8, camouflage
1, gelatinous body 1
a: End Transformation, Renounce Religion, Channel Magic


You were in the Dungeon.
You worshipped Sif Muna.
Sif Muna was pleased with you.
You had blades for tentacles.
You visited 1 branch

Inventory:

Hand Weapons
 j - a +5 quick blade (melded)
Jewellery
 u - a +6 ring of intelligence (left scythe-like blade)
 v - a +6 ring of intelligence (right scythe-like blade)
 w - a +6 ring of strength (on tentacle)
 x - a +6 ring of strength (on tentacle)
 z - a ring of resist corrosion (on tentacle)
Wands
 r - a wand of disintegration (7)
 s - a wand of iceblast (6)
 t - a wand of acid (7)
Scrolls
 g - 4 scrolls of blinking
 l - 4 scrolls of amnesia
 m - 7 scrolls of fog
 n - a scroll of holy word
 o - 5 scrolls of identify
 p - 5 scrolls of remove curse
 q - 2 scrolls of fear
Potions
 a - 2 potions of brilliance
 b - 10 potions of curing
 c - 7 potions of heal wounds
 d - 6 potions of haste
 e - 7 potions of magic
 f - 3 potions of berserk rage
 h - 2 potions of invisibility
 i - 4 potions of resistance
 k - 6 potions of might
Miscellaneous
 y - a lightning rod (2/4)


   Skills:
 - Level 3.0 Fighting
 + Level 3.3 Short Blades
 + Level 5.0 Dodging
 - Level 3.0 Unarmed Combat
 * Level 6.5 Spellcasting
 * Level 7.1 Transmutations
 * Level 5.4 Invocations


You had 3 spell levels left.
You knew the following spells:

 Your Spells              Type           Power        Failure   Level
a - Beastly Appendage     Tmut           98%          10%         1
b - Wereblood             Tmut           49%          12%         2
c - Spider Form           Tmut/Pois      14%          30%         3
d - Ice Form              Ice/Tmut       29%          52%         4
e - Blade Hands           Tmut           24%          43%         5

Your spell library contained the following spells:

 Spells                   Type           Power        Failure   Level


Dungeon Overview and Level Annotations

Branches:
Dungeon (1/1)

Altars:
Ashenzari
Cheibriados
Dithmenos
Elyvilon
Fedhas
Gozag
Hepliaklqana
Kikubaaqudgha
Makhleb
Nemelex Xobeh
Okawaru
Qazlal
Ru
Sif Muna
Trog
Uskayaw
Vehumet
Wu Jian
Xom
Yredelemnul
Zin
The Shining One
Beogh
Jiyva
Lugonu

Annotations:
D 1 transporter


Innate Abilities, Weirdness & Mutations

You cannot wear most types of armour.
You are very stealthy in the water. (Stealth+)
You are amphibious.
You can wear up to eight rings at the same time.
You can use your tentacles to constrict eight enemies at once.
Your skin changes colour to match your surroundings (Stealth+).
Your rubbery body absorbs attacks. (AC +1, EV +1)


Message History

The deep elf knight casts a spell at you.
The stone arrow misses you.
Casting: Spider Form (dangerous; 4% risk of failure)
Confirm with . or Enter, or press ? or * to list all spells.
The spell is quite dangerous to cast (9% risk of failure)!
Continue anyway?
Your tentacles turn into razor-sharp scythe blades.
Your +5 quick blade melds into your body.
The air elemental closely misses you. The air elemental misses you.
The deep elf mage casts a spell.
The deep elf mage blinks!
The deep elf archer hits you but does no damage.
The deep elf knight casts a spell.
The deep elf knight seems to speed up.
You hit the deep elf archer. Your grab misses the deep elf archer.
The deep elf archer is severely wounded.
The air elemental hits you! The air elemental closely misses you.
The deep elf knight hits you with a +0 long sword!
* * * LOW HITPOINT WARNING * * *
The deep elf archer blinks!
The air elemental hits you.
You die...

▓...††▓.....▓..©..▓
▓..©..▓..©..▓▓▓▓▓▓▓
▓▓▓▓▓▓▓▓▓▓▓▓▓▓
▓..8©8...▓
▓..}}:...▓
▓..."....▓
▓........▓
▓....ee..▓
▓.▓..E@▓§▓
▓...©(§.e▓
▓▓▓▓▓▓▓▓▓▓


You could see a deep elf archer (repels missiles), a deep elf knight (fast), a
deep elf mage and an air elemental.

Vanquished Creatures
  A yak (D)
  A small abomination (D)
  A quasit (D)
  A river rat (D)
  3 orcs (D)
  2 jackals (D)
9 creatures vanquished.

Notes
Turn   | Place    | Note
-------+----------+-------------------------------------------
     0 | D        | Zeld the Octopode Transmuter began the quest for the Orb.
     0 | D        | Reached XP level 1. HP: 13/13 MP: 3/3
     0 | D        | Found a shimmering blue altar of Sif Muna.
     0 | D        | Found a bloodstained altar of Trog.
     0 | D        | Found a sacrificial altar of Ru.
     0 | D        | Found a stormy altar of Qazlal.
     0 | D        | Found an iron altar of Okawaru.
     1 | D        | Found a sparkling altar of Nemelex Xobeh.
     1 | D        | Found a blossoming altar of Fedhas.
     2 | D        | Found the +6 Majin-Bo {vamp, MP+6 Int+6}
     2 | D        | Found the +9 heavy crossbow "Sniper" {vorpal, Acc+∞ SInv}
     2 | D        | Found the +10 dark maul {vorpal}
     2 | D        | Found the +15 Maxwell's patent armour {-Cast -Tele rElec
                  | Will+ rCorr}
     2 | D        | Found the +18 shield of the Gong {rElec rN+ Will+ EV-5}
     2 | D        | Found the cursed +14 obsidian axe {vorpal, +Fly SInv
                  | *Curse}
     2 | D        | Found the +7 great mace "Firestarter" {inner flame, rF++}
     2 | D        | Found the +6 shillelagh "Devastator" {shatter}
     2 | D        | Found the +11 plutonium sword {*Contam Stlth-}
     2 | D        | Found the +8 lance "Wyrmbane" {slay drac, rPois rF+ rC+
                  | AC+3}
     2 | D        | Found the +9 sword of Zonguldrok {reap}
     2 | D        | Found the cursed +13 scythe of Curses {drain, *Curse}
     2 | D        | Found the +5 sword of Power {vorpal}
     2 | D        | Found the +7 mace of Variability {chain chaos}
     2 | D        | Found the +7 Singing Sword {vorpal, sonic wave}
     2 | D        | Found the +8 storm bow {elec, penet}
     3 | D        | Found a transporter.
     3 | D        | Found an ancient bone altar of Kikubaaqudgha.
     3 | D        | Found a viscous altar of Jiyva.
     3 | D        | Found a corrupted altar of Lugonu.
     3 | D        | Found a hazy altar of Hepliaklqana.
     3 | D        | Found a burning altar of Makhleb.
     3 | D        | Found an opulent altar of Gozag.
    22 | D        | Became a worshipper of Sif Muna the Loreminder
    23 | D        | Reached skill level 4 in Transmutations
    23 | D        | Reached XP level 2. HP: 21/21 MP: 4/7
    31 | D        | Learned a level 2 spell: Wereblood
   223 | D        | Entered arena 2.
   223 | D        | Noticed a small abomination
   223 | D        | Found a transporter.
   226 | D        | Reached skill level 1 in Short Blades
   226 | D        | Reached skill level 5 in Transmutations
   226 | D        | Reached XP level 3. HP: 26/26 MP: 9/9
   227 | D        | Reached skill level 5 in Spellcasting
   227 | D        | Reached XP level 4. HP: 31/31 MP: 11/11
   231 | D        | Learned a level 3 spell: Spider Form
   236 | D        | Learned a level 4 spell: Ice Form
   593 | D        | Entered arena 3.
   593 | D        | Found a transporter.
   597 | D        | Reached * piety under Sif Muna
   708 | D        | Entered arena 4.
   708 | D        | Noticed a yak
   708 | D        | Found a transporter.
   714 | D        | Reached ** piety under Sif Muna
   731 | D        | Killed a yak
   732 | D        | Reached skill level 5 in Dodging
   732 | D        | Reached skill level 7 in Transmutations
   732 | D        | Reached skill level 5 in Invocations
   732 | D        | Reached XP level 5. HP: 25/36 MP: 10/14
   732 | D        | Reached XP level 6. HP: 30/42 MP: 10/15
   741 | D        | Learned a level 5 spell: Blade Hands
   769 | D        | Entered arena 5.
   769 | D        | Noticed a deep elf knight
   769 | D        | Noticed a deep elf archer
   769 | D        | Noticed a deep elf mage
   769 | D        | Noticed an air elemental
   769 | D        | Found a transporter.
   774 | D        | HP: 2/42 [deep elf archer/+0 dagger (21)]
   779 | D        | HP: 1/42 [deep elf knight/+0 long sword (15)]
   779 | D        | Slain by an air elemental

Illustrated notes

Levels and vault maps discovered:
D:        sprint_v [room_start, room_1, room_2, room_3, room_4, room_5, room_6,
          room_7, room_8, room_9, room_10, room_11, room_12, room_13, room_14,
          room_15, room_16, room_17, room_18, room_19, room_20, room_21,
          room_22, room_23, room_24, room_25, room_26, room_27]

Skill      XL: |  1  2  3  4 |
---------------+-------------+-----
Fighting       | 3 |  3.0
Dodging        | 3 4 5 |  5.0
Spellcasting   | 4 5 6 |  6.5
Transmutations | 4 5 7 |  7.1
Short Blades   | 1 3 |  3.3
Invocations    | 2 3 5 |  5.4
Unarmed Combat | |  3.0

Action                   |  1- 3 |  4- 6 || total
-------------------------+-------+-------++-------
Melee: Unarmed           |       |    12 ||    12
       Quick blade       |       |     9 ||     9
       Constrict         |       |     2 ||     2
 Cast: Spider Form       |       |     1 ||     1
       Blade Hands       |       |     1 ||     1
Evoke: Lightning rod     |     2 |     2 ||     4
       Wand              |     1 |       ||     1
  Use: Potion            |     1 |     7 ||     8
 Stab: Sleeping          |       |     1 ||     1
Armor: Skin              |       |     3 ||     3
Dodge: Dodged            |       |    59 ||    59
